 Dungeon Crawl Stone Soup version 0.31-a0-986-g5e6e4ef867 (webtiles) character file.

Game seed: 17862343318814101876

179 Naiya55 the Chopper (level 5, -1/43 HPs)
             Began as a Formicid Fighter on Nov 5, 2023.
             Was an Initiate of Okawaru.
             Killed by divine providence
             ... invoked by an orc priest
              (16 damage)
             ... on level 4 of the Dungeon.
             The game lasted 00:03:24 (2196 turns).

Naiya55 the Chopper (Formicid Fighter)              Turns: 2196, Time: 00:03:25

Health: -1/43      AC: 10    Str: 23    XL:     5   Next: 90%
Magic:  5/5        EV:  8    Int:  7    God:    Okawaru [......]
Gold:   211        SH: 10    Dex: 13    Spells: 4/4 levels left

rFire   . . .        a - +0 war axe
rCold   . . .        c - +0 buckler
rNeg    . . .        p - +0 chain mail
rPois   .            (helmet unavailable)
rElec   .            (no cloak)
rCorr   .            (no gloves)
SInv    +            f - +0 pair of boots
Will    .....        b - amulet of reflection Stlth
                     (no ring)
HPRegen 0.27/turn    (no ring)
MPRegen 0.09/turn

%: reflection
@: no status effects
A: permanent stasis, dig shafts and tunnels, antennae 3, four strong arms
a: Dig, Shaft Self, Renounce Religion


You were on level 4 of the Dungeon.
You worshipped Okawaru.
Okawaru was noncommittal.
You visited 2 branches of the dungeon, and saw 5 of its levels.

You collected 211 gold pieces.

Inventory:

Hand Weapons
 a - a +0 war axe (weapon)
Armour
 c - a +0 buckler (worn)
 f - a +0 pair of boots (worn)
 p - a +0 chain mail (worn)
Jewellery
 b - an amulet of reflection (around neck)
Wands
 q - a wand of flame (29)
Scrolls
 g - a scroll of enchant weapon {unknown}
 i - a scroll of enchant armour {unknown}
 k - 5 scrolls of identify {unknown}
 m - a scroll of teleportation {unknown}
 r - a scroll of blinking {unknown}
Potions
 d - a potion of might
 e - 3 potions of curing {unknown}
 h - a potion of ambrosia {unknown}
 j - 2 potions of lignification {unknown}
 l - a potion of enlightenment {unknown}
 n - a potion of haste {unknown}
 o - a potion of brilliance {unknown}


   Skills:
 + Level 4.7 Fighting
 * Level 4.7 Axes
 - Level 3.2 Armour
 - Level 4.0 Shields


You had 4 spell levels left.
You didn't know any spells.
Your spell library contained the following spells:

 Spells                   Type           Power      Damage    Failure   Level
 Conjure Ball Lightning   Conj/Air       0%         3x3d6     100%        6
 Discord                  Hex            0%         N/A       100%        8
 Disjunction              Tloc           0%         N/A       100%        8


Dungeon Overview and Level Annotations

Branches:
Dungeon (4/15)             Temple (1/1) D:4

Altars:
Ashenzari
Hepliaklqana
Makhleb
Okawaru
Ru
Uskayaw
Vehumet
Xom
Zin
The Shining One
Jiyva

Annotations:
D:1 2 runed translucent doors


Innate Abilities, Weirdness & Mutations

You cannot be hasted, slowed, berserked, paralysed or teleported.
You can dig through walls and to a lower floor.
You have a pair of large antennae on your head. (SInv)
Your four strong arms can wield two-handed weapons with a shield.


Message History

An orc priest comes into view. It is wielding a +0 short sword.
The orc priest shouts!
You block the orc's attack.
An orc comes into view. It is wielding a +0 flail.
The orc wizard points at you and mumbles some strange words.
You resist with some effort.
The orc shouts!
An orc comes into view. It is wielding a +0 club.
You hit the orc.
The orc is heavily wounded.
The orc barely misses you.
You hit the orc.
The orc is heavily wounded.
The orc hits you with a +0 falchion. The orc barely misses you.
You hit the orc but do no damage.
The orc is heavily wounded.
The orc hits you but does no damage.
You hit the orc.
You kill the orc!
Okawaru accepts your kill.
You closely miss the orc priest.
The orc priest hits you with a +0 short sword.
You slash the orc priest!
The orc priest is severely wounded.
The orc priest hits you with a +0 short sword.
You block the orc priest's attack.
You hit the orc priest but do no damage.
The orc priest is severely wounded.
The orc priest hits you but does no damage.
You closely miss the orc priest.
The orc priest is severely wounded.
The orc priest invokes the aid of Beogh against you.
Pain shoots through your body!
You barely miss the orc priest.
The orc priest is severely wounded.
The orc priest calls down the wrath of Beogh upon you.
Beogh smites you!
The orc priest mumbles some strange prayers to Beogh against you.
Beogh smites you!
You die...

####### #...... #.#####
### #### ####.#####
##... ..# ##{oo.....#
#.. . #.# ##{.##.###.#
#.. #.#@# ##...##.# #.#
#.. #.#o####.....#.###.#
#..##..oo.{.....##......
#...###.######.#######..
#......# #.# ###
##.##### #.# # #.# #+# #
#.# . #.## #


You could see an orc priest, an orc wizard (invisible) and an orc.

Vanquished Creatures
  An orc priest (D:4)
  4 gnolls (D:3)
  3 adders
  2 worms
  2 dart slugs
  5 orcs (D:4)
  5 endoplasms
  A giant cockroach (D:1)
  4 goblins
  5 hobgoblins
  7 jackals
  2 quokkas (D:2)
  6 ball pythons
  8 bats
  5 frilled lizards
  5 kobolds
  7 rats
72 creatures vanquished.

Notes
Turn   | Place    | Note
-------+----------+-------------------------------------------
     0 | D:1      | Naiya55 the Formicid Fighter began the quest for the Orb.
     0 | D:1      | Reached XP level 1. HP: 18/18 MP: 1/1
    40 | D:1      | Found a large runed translucent door.
    40 | D:1      | Found a large runed translucent door.
    41 | D:1      | Noticed a jelly
    42 | D:1      | Found a viscous altar of Jiyva.
    42 | D:1      | Noticed a jelly
    42 | D:1      | Noticed a jelly
    45 | D:1      | Reached XP level 2. HP: 24/24 MP: 2/2
   311 | D:1      | Reached XP level 3. HP: 30/30 MP: 3/3
  1058 | D:2      | Reached XP level 4. HP: 37/37 MP: 4/4
  1702 | D:3      | Reached XP level 5. HP: 43/43 MP: 5/5
  2094 | D:4      | Found a staircase to the Ecumenical Temple.
  2107 | Temple   | Entered the Ecumenical Temple
  2117 | Temple   | Became a worshipper of Warmaster Okawaru
  2196 | D:4      | Killed from afar by an orc priest

Illustrated notes

Levels and vault maps discovered:
D:1:      erik_arrival_cave_to_civilisation [erik_arrival_cave_to_temple],
          layout_rooms, serial_bayou_lagoon_b
D:2:      minmay_angry_zag, layout_rooms
D:3:      layout_basic
D:4:      layout_loops_corners, mainiacjoe_overflow_24_doors,
          minmay_temple_entry_gardened_gates, sigmund_army
Temple:   hellmonk_temple_rainy

Skill      XL: |  1  2  3  4 |
---------------+-------------+-----
Axes           | 3 4 |  4.7
Fighting       | 4 |  4.7
Armour         | |  3.2
Shields        | |  4.0

Action                     |  1- 3 |  4- 6 || total
---------------------------+-------+-------++-------
  Melee: War axe           |    88 |    94 ||   182
 Armour: Scale mail        |    49 |     7 ||    56
         Chain mail        |       |    39 ||    39
  Dodge: Dodged            |    48 |    39 ||    87
  Block: Buckler           |    28 |    47 ||    75
         Reflection        |       |     2 ||     2

Table legend: (Time is in decaauts)
 A = Elapsed time spent in this place.
 B = Non-inter-level travel time spent in this place.
 C = Inter-level travel time spent in this place.
 D = Time resting spent in this place.
 E = Time spent auto-exploring this place.
 F = Levels seen in this place.
 G = Mean time per level.
                   A        B        C        D        E       F      G
               +--------+--------+--------+--------+--------+-----+--------+
         Total |   2272 |   2051 |    221 |      0 |   1485 |   5 |  454.4 |
       Dungeon |   2253 |   2036 |    217 |      0 |   1485 |   4 |  563.2 |
        Temple |     18 |     14 |      4 |      0 |      0 |   1 |   18.0 |
               +--------+--------+--------+--------+--------+-----+--------+

Top non-repeatable levels by time:
     D:1: 782 daAuts
     D:2: 662 daAuts
     D:3: 587 daAuts
     D:4: 221 daAuts
  Temple: 18 daAuts
